 Dungeon Crawl Stone Soup version 0.22.1-6-g1668fe2 (webtiles) character file.

11491 Kairos the Cleaver (level 11, -1/56 HPs)
             Began as a Vine Stalker Fighter on Jan 29, 2019.
             Was a High Priest of Okawaru.
             Slain by a death yak (9 damage)
             ... on level 9 of the Dungeon.
             The game lasted 00:25:57 (8362 turns).

Kairos the Cleaver (Vine Stalker Fighter)           Turns: 8362, Time: 00:25:57

Health: -1/56      AC: 14    Str: 23    XL:     11   Next: 78%
Magic:  0/13       EV: 14    Int:  8    God:    Okawaru [*****.]
Gold:   688        SH: 18    Dex: 18    Spells: 10/10 levels left

rFire    . . .     SeeInvis .   O - +2 war axe (freeze)
rCold    + . .     Gourm    .   c - +0 shield
rNeg     . . .     Faith    .   F - +4 scale mail {rC+}
rPois    .         Spirit   +   N - +2 hat {MR+}
rElec    .         Reflect  +   (no cloak)
rCorr    .         Harm     .   (no gloves)
MR       ++...                  (no boots)
Stlth    ++++......             h - +4 amulet of reflection
HPRegen  0.58/turn              y - ring of stealth
MPRegen  0.13/turn              d - +5 ring of dexterity

@: heroism
A: fangs 3, regeneration 1, magic shield, antimagic bite, no potion heal 3, rot
immunity
a: Heroism, Finesse, Renounce Religion


You were on level 9 of the Dungeon.
You worshipped Okawaru.
Okawaru was extremely pleased with you.
You were not hungry.

You visited 2 branches of the dungeon, and saw 10 of its levels.
You also visited: Bailey.

You collected 688 gold pieces.

Inventory:

Hand Weapons
 a - a +0 war axe
 b - a cursed -2 spear
 j - a +1 broad axe
 r - a +0 morningstar
 E - a +3 war axe
 K - a +5 hand crossbow of flaming
 O - a +2 war axe of freezing (weapon)
Missiles
 D - 6 curare-tipped needles (quivered)
Armour
 c - a +0 shield (worn)
 i - a +2 chain mail
 t - a +0 crystal plate armour
 F - a +4 scale mail of cold resistance (worn)
 N - a +2 hat of magic resistance (worn)
Jewellery
 d - a +5 ring of dexterity (right hand)
 h - a +4 amulet of reflection (around neck)
 k - an uncursed ring of wizardry
 m - an uncursed ring of stealth
 y - a ring of stealth (left hand)
 A - a +4 ring of intelligence
Wands
 z - a wand of flame (53)
Scrolls
 e - 4 scrolls of remove curse
 l - 2 scrolls of teleportation
 o - 3 scrolls of amnesia
 p - a scroll of fog
 s - a scroll of magic mapping
 u - 3 scrolls of immolation
Potions
 g - 3 potions of lignification
 n - 2 potions of heal wounds {unknown}
 q - 4 potions of haste {unknown}
 v - a potion of agility {unknown}
 w - 2 potions of ambrosia {unknown}
 x - 5 potions of curing
 B - a potion of degeneration {unknown}
 G - 3 potions of berserk rage {unknown}
 H - 2 potions of resistance {unknown}
 J - a potion of flight {unknown}
Miscellaneous
 C - a lamp of fire (inert)
Comestibles
 f - 16 rations


   Skills:
 + Level 6.2(11.2) Fighting
 * Level 12.7(17.7) Axes
 + Level 4.8(9.8) Armour
 + Level 2.0(7.0) Dodging
 + Level 2.5(7.5) Stealth
 + Level 7.5(12.5) Shields
 + Level 1.8 Invocations
 + Level 0.7 Evocations


You had 10 spell levels left.
You didn't know any spells.
Your spell library contained the following spells:

 Spells                   Type           Power        Failure   Level  Hunger
 Animate Skeleton         Necr           N/A          78%         1    ##.....
 Infusion                 Chrm           #...         78%         1    ##.....
 Pain                     Necr           #...         78%         1    ##.....
 Shroud of Golubria       Chrm/Tloc      #.........   89%         2    ###....
 Song of Slaying          Chrm           #.......     89%         2    ###....
 Regeneration             Chrm/Necr      #.........   98%         3    ####...
 Spectral Weapon          Hex/Chrm       #.......     98%         3    ####...
 Vampiric Draining        Necr           #.........   98%         3    ####...
 Animate Dead             Necr           N/A          100%        4    #####..


Dungeon Overview and Level Annotations

Branches:
Dungeon (9/15)             Temple (1/1) D:4
   Lair: D:8-11         Orc: D:9-12

Altars:
Ashenzari
Cheibriados
Dithmenos
Elyvilon
Fedhas
Gozag
Hepliaklqana
Kikubaaqudgha
Makhleb
Nemelex Xobeh
Okawaru
Qazlal
Ru
Trog
Uskayaw
Vehumet
Wu Jian
Xom
Yredelemnul
Zin
The Shining One


Innate Abilities, Weirdness & Mutations

You have razor-sharp teeth.
Your natural rate of healing is unusually fast.
When hurt, damage is shared between your health and your magic reserves.
Your bite disrupts and absorbs the magic of your enemies.
Potions cannot restore your health.
You are immune to rotting.


Message History

The death yak is heavily wounded.
You slash the death yak! You freeze the death yak.
Your bite misses the death yak.
The death yak is severely wounded.
You block the death yak's attack.
You hit the death yak but do no damage.
The death yak is severely wounded.
The death yak gores you!
* * * LOW HITPOINT WARNING * * *
You completely miss the death yak. You bite the death yak. You drain its power.
You feel invigorated.
The death yak is almost dead.
You barely miss the death yak. You bite the death yak! You drain its power.
You feel invigorated.
The death yak is almost dead.
The death yak misses you.
You hit the death yak but do no damage.
The death yak is almost dead.
The death yak gores you!!
You die...

#....##.# ####.[#..
##.......# ##....
##.....#### ##.[.
#......Y###### #..<.
#.#..........# ##...#
#
##########.#####.....
#..##.....#.
#########..#.....##
#<@Y.............[.
#....######..........#
....### #...)..>....
#.# #...)......# .
#######.######
#........#
#........#####
#......".....#
.............#


You could see a death yak.

Vanquished Creatures
  Gastronok (D:9)
  Harold (D:7)
  Erica (D:8)
  2 two-headed ogres
  2 death yaks (D:9)
  Prince Ribbit (D:6)
  A hippogriff (D:6)
  Sigmund (D:3)
  A spriggan (D:8)
  Grum (D:8)
  Duvessa (D:7)
  A black bear (D:7)
  2 sky beasts
  4 ice beasts
  2 orc warriors (D:6)
  3 wolves (D:8)
  A phantom (D:5)
  7 ogres
  4 bullfrogs
  8 gnoll sergeants (Bailey)
  Dowan (D:7)
  A scorpion (D:8)
  6 killer bees (D:7)
  11 wights
  4 crimson imps
  2 howler monkeys
  A centaur zombie (D:6)
  2 jellies
  An orc priest (D:4)
  3 bullfrog skeletons
  4 centaur skeletons
  7 gnoll shamans
  5 hounds
  9 orc wizards
  5 iguanas
  6 worker ants
  A hound zombie (D:5)
  2 hound skeletons (D:7)
  Robin (D:4)
  2 howler monkey zombies
  22 gnolls
  5 adders
  A shadow imp (D:9)
  An ooze (D:4)
  2 adder skeletons
  A worm (D:6)
  2 dart slugs (D:3)
  3 leopard geckos (D:4)
  46 orcs
  8 giant cockroaches
  20 goblins
  5 hobgoblins
  20 jackals
  9 kobolds
  A quokka (D:3)
  7 bats
  6 frilled lizards
  A leopard gecko skeleton (D:6)
  6 rats
285 creatures vanquished.

Vanquished Creatures (others)
  A centaur (D:5)
  A goblin (D:3)
2 creatures vanquished.

Grand Total: 287 creatures vanquished

Notes
Turn   | Place    | Note
-------+----------+-------------------------------------------
     0 | D:1      | Kairos the Vine Stalker Fighter began the quest for the
                  | Orb.
     0 | D:1      | Reached XP level 1. HP: 11/11 MP: 2/2
   123 | D:1      | Reached XP level 2. HP: 8/16 MP: 3/3
   162 | D:1      | Reached skill level 2 in Axes
   402 | D:1      | Found a shattered altar of Ashenzari.
   582 | D:1      | Reached XP level 3. HP: 19/19 MP: 4/4
  1896 | D:3      | Gained mutation: Your natural rate of healing is unusually
                  | fast. [Vine Stalker growth]
  1896 | D:3      | Reached XP level 4. HP: 23/23 MP: 5/5
  1931 | D:3      | Noticed Sigmund
  2160 | D:3      | Reached XP level 5. HP: 28/28 MP: 6/6
  2259 | D:3      | Reached skill level 3 in Axes
  2538 | D:3      | Killed Sigmund
  2538 | D:3      | Reached XP level 6. HP: 21/32 MP: 7/7
  2578 | D:3      | Found a burning altar of Makhleb.
  3155 | D:4      | Found a glowing golden altar of the Shining One.
  3158 | D:4      | Found an ancient bone altar of Kikubaaqudgha.
  3159 | D:4      | Noticed Robin
  3192 | D:4      | Killed Robin
  3242 | D:4      | Reached skill level 4 in Axes
  3334 | D:4      | Reached XP level 7. HP: 31/36 MP: 8/8
  3367 | D:4      | Found a staircase to the Ecumenical Temple.
  3375 | Temple   | Entered the Ecumenical Temple
  3453 | Temple   | Became a worshipper of Warmaster Okawaru
  3797 | D:4      | Reached skill level 5 in Axes
  3911 | D:5      | Entered Level 5 of the Dungeon
  4194 | D:5      | Noticed a two-headed ogre
  4359 | D:5      | Gained mutation: You have razor-sharp teeth. [Vine Stalker
                  | growth]
  4359 | D:5      | Reached XP level 8. HP: 41/42 MP: 9/9
  4364 | D:5      | Killed a two-headed ogre
  4364 | D:5      | Reached * piety under Okawaru
  4364 | D:5      | Reached ** piety under Okawaru
  4364 | D:5      | Reached skill level 7 in Axes
  4364 | D:5      | Reached skill level 5 in Shields
  4378 | D:5      | Reached XP level 9. HP: 22/46 MP: 10/10
  4762 | D:6      | Reached skill level 8 in Axes
  4896 | D:6      | Noticed Prince Ribbit
  4909 | D:6      | Killed Prince Ribbit
  4958 | D:6      | Reached *** piety under Okawaru
  4960 | D:6      | Reached skill level 9 in Axes
  5170 | D:6      | HP: 2/46 [ogre/giant spiked club (10)]
  5568 | D:7      | Reached skill level 10 in Axes
  5574 | D:7      | Reached **** piety under Okawaru
  5574 | D:7      | Reached XP level 10. HP: 44/51 MP: 11/11
  5606 | D:7      | Reached skill level 5 in Fighting
  5624 | D:7      | Found a flagged portal.
  5658 | Bailey   | Entered a bailey
  5663 | Bailey   | Reached skill level 1 in Dodging
  6657 | D:7      | Noticed Dowan
  6660 | D:7      | Noticed Harold
  6661 | D:7      | Noticed Duvessa
  6667 | D:7      | Killed Dowan
  6679 | D:7      | Killed Duvessa
  6687 | D:7      | Killed Harold
  6687 | D:7      | Reached ***** piety under Okawaru
  6687 | D:7      | Reached skill level 11 in Axes
  7391 | D:8      | Reached skill level 1 in Invocations
  7391 | D:8      | Reached XP level 11. HP: 56/56 MP: 11/13
  7529 | D:8      | Noticed Grum
  7536 | D:8      | Received a gift from Okawaru
  7541 | D:8      | Killed Grum
  7670 | D:8      | Noticed Erica
  7695 | D:8      | Killed Erica
  7695 | D:8      | Reached skill level 1 in Stealth
  8001 | D:8      | Reached skill level 12 in Axes
  8074 | D:9      | Noticed Gastronok
  8106 | D:9      | Killed Gastronok
  8179 | D:9      | Noticed a two-headed ogre
  8188 | D:9      | Killed a two-headed ogre
  8240 | D:9      | Noticed a death yak
  8307 | D:9      | Noticed a death yak
  8308 | D:9      | Noticed a death yak
  8309 | D:9      | Noticed a death yak
  8331 | D:9      | Killed a death yak
  8339 | D:9      | Killed a death yak
  8362 | D:9      | Slain by a death yak

Skill      XL: |  1  2  3  4  5  6  7  8  9 10 11 |
---------------+----------------------------------+-----
Axes           | 2 3 4 5 7 10 11 12 | 12.7
Shields        | 3 4 5 7 |  7.5
Fighting       | 3 4 5 6 |  6.2
Armour         | 3 4 |  4.8
Dodging        | 1 2 |  2.0
Invocations    | 1 |  1.8
Stealth        | 2 |  2.5
Evocations     | |  0.7

Action                   |  1- 3 |  4- 6 |  7- 9 | 10-12 || total
-------------------------+-------+-------+-------+-------++-------
Melee: War axe           |   123 |   136 |    36 |   147 ||   442
       Bite              |    31 |    35 |    79 |   149 ||   294
       Broad axe         |    16 |       |   191 |   184 ||   391
Invok: Heroism           |       |       |     2 |    14 ||    16
Evoke: Lamp of fire      |       |       |       |     1 ||     1
  Use: Scroll            |     4 |     3 |     6 |     5 ||    18
       Potion            |     1 |       |     1 |       ||     2
 Stab: Held in net/web   |       |       |       |     1 ||     1
       Distracted        |       |       |       |     1 ||     1
       Sleeping          |       |       |       |     1 ||     1
  Eat: Chunk             |     3 |     5 |     7 |     3 ||    18
       Ration            |       |       |       |     2 ||     2
Armor: Scale mail        |    21 |       |       |    34 ||    55
       Chain mail        |    64 |    49 |    83 |    66 ||   262
Dodge: Dodged            |    34 |    30 |    51 |    75 ||   190
Block: Shield            |   134 |    96 |   183 |   264 ||   677
       Reflection        |     7 |     9 |     5 |     2 ||    23
